 Dungeon Crawl Stone Soup version 0.22-a0-571-g4a923d4 (webtiles) character file.

1101 iamserjio the Skirmisher (level 8, -4/51 HPs)
             Began as a Gargoyle Fighter on July 1, 2018.
             Was an Initiate of Trog.
             Killed by nerve-wracking pain
             ... invoked by Menkaure
              (5 damage)
             ... on level 5 of the Dungeon.
             The game lasted 00:07:46 (1183 turns).

iamserjio the Skirmisher (Gargoyle Fighter)         Turns: 1183, Time: 00:07:47

Health: -4/51      AC: 15    Str: 19    XL:     8   Next: 32%
Magic:  8/8        EV:  7    Int: 10    God:    Trog [......]
Gold:   135        SH: 10    Dex: 11    Spells: 7/7 levels left

rFire    . . .     SeeInvis .   a - +0 war axe
rCold    . . .     Gourm    .   c - +0 shield
rNeg     + . .     Faith    +   b - +0 scale mail
rPois    ∞         Spirit   .   r - +0 helmet
rElec    +         Reflect  .   t - +0 cloak
rCorr    .         Harm     .   (no gloves)
MR       .....                  (no boots)
Stlth    +.........             o - amulet of faith
HPRegen  0.17/turn              z - ring of flight
MPRegen  0.11/turn              y - ring of stealth

@: no status effects
A: negative energy resistance 1, electricity resistance, unbreathing,
petrification resistance, rot immunity, AC +5
a: Renounce Religion, Evoke Flight


You were on level 5 of the Dungeon.
You worshipped Trog.
Trog was noncommittal.
You were not hungry.

You visited 2 branches of the dungeon, and saw 7 of its levels.

You collected 135 gold pieces.

Inventory:

Hand Weapons
 a - a +0 war axe (weapon)
 x - a +2 whip of electrocution
Armour
 b - a +0 scale mail (worn)
 c - a +0 shield (worn)
 r - a +0 helmet (worn)
 t - a +0 cloak (worn)
 v - a +0 pair of boots
Jewellery
 o - an amulet of faith (around neck)
 u - an uncursed amulet of harm {unknown}
 y - a ring of stealth (right hand)
 z - a ring of flight (left hand)
Wands
 d - a wand of digging (4)
 w - a wand of polymorph (17)
Scrolls
 e - a scroll of immolation {unknown}
 g - 2 scrolls of fog
 k - a scroll of enchant weapon {unknown}
 m - a scroll of remove curse {@r2}
 n - a scroll of fear
 p - a scroll of magic mapping {unknown}
Potions
 h - a potion of brilliance {unknown}
 i - a potion of haste {unknown}
 j - a potion of curing {unknown}
 q - a potion of agility {unknown}
 s - a potion of invisibility {unknown}
 A - a potion of degeneration {unknown}
Comestibles
 f - 6 rations


   Skills:
 + Level 5.7 Fighting
 * Level 5.6 Axes
 + Level 5.7 Armour
 + Level 5.7 Shields


You had 7 spell levels left.
You didn't know any spells.
Your spell library was empty.

Dungeon Overview and Level Annotations

Branches:
Dungeon (6/15)             Temple (1/1) D:6

Altars:
Ashenzari
Cheibriados
Dithmenos
Elyvilon
Fedhas
Gozag
Kikubaaqudgha
Nemelex Xobeh
Ru
Sif Muna
Trog
Wu Jian
Xom
Yredelemnul
The Shining One

Shops:
D:4 (

Annotations:
D:5 Menkaure


Innate Abilities, Weirdness & Mutations

You are resistant to torment.
Your stone body is resilient. (AC +5)
You are immune to poison.
You resist negative energy. (rN+)
You are resistant to electric shocks. (rElec)
You can survive without breathing.
You are immune to petrification.
You are immune to rotting.


Message History

Menkaure mumbles some strange words.
Menkaure seems to speed up.
There is an open door here.
You hit Menkaure.
Menkaure is lightly damaged.
Menkaure calls on the powers of darkness!
Your body is wracked with pain!
* * * LOW HITPOINT WARNING * * *
You hit Menkaure but do no damage.
Menkaure is lightly damaged.
Menkaure hits you!
* * * LOW HITPOINT WARNING * * *
Menkaure hits you but does no damage.
Okay, then.
Okay, then.
As you read the scroll of fear, it crumbles to dust.
You assume a fearsome visage.
Menkaure is unaffected.
Menkaure gestures at you while chanting.
Pain shoots through your body!
You die...

####.#.....)...##....#
.....########..##....#
.......# #..##....#
.......#
####..†.....#### ..♣
†............[... .♣#
######.......### .♣
.....##.#### [♣# .
####.##'### ..♣♣♣..
#.#@...# .......#
#.#M...# .....###
#.#....# .....# ...###
.....# ##### ##...p# .
...... ##....#. ...#


You could see Menkaure.

Vanquished Creatures
  Pikel (D:5)
  A water moccasin (D:5)
  An ice beast (D:5)
  A centaur (D:6)
  2 bullfrogs (D:6)
  4 wights (D:6)
  A centaur zombie (D:5)
  A hound (D:5)
  A worker ant zombie (D:6)
  An adder (D:6)
  An ooze (D:3)
  2 dart slugs
  4 leopard geckos (D:2)
  A ball python (D:3)
  3 bats
  2 giant cockroaches (D:5)
  4 goblins
  6 hobgoblins
  6 jackals
  3 kobolds
  A quokka (D:2)
  A frilled lizard (D:3)
  5 rats
53 creatures vanquished.

Vanquished Creatures (others)
  A slave (D:5)
  A crimson imp (D:5)
  An adder (D:5)
  A leopard gecko skeleton (D:5)
4 creatures vanquished.

Grand Total: 57 creatures vanquished

Notes
Turn   | Place    | Note
-------+----------+-------------------------------------------
     0 | D:1      | iamserjio the Gargoyle Fighter began the quest for the Orb.
     0 | D:1      | Reached XP level 1. HP: 14/14 MP: 1/1
   145 | D:1      | Reached XP level 2. HP: 13/19 MP: 2/2
   264 | D:2      | Reached XP level 3. HP: 16/23 MP: 3/3
   607 | D:3      | You fall through a shaft!
   620 | D:4      | Found Uvele's Antique Weapon Emporium.
   649 | D:5      | Entered Level 5 of the Dungeon
   742 | D:6      | Found a shimmering altar of Xom.
   749 | D:6      | Found a staircase to the Ecumenical Temple.
   758 | D:6      | Reached XP level 4. HP: 16/29 MP: 4/4
   773 | Temple   | Entered the Ecumenical Temple
   821 | Temple   | Became a worshipper of Trog the Wrathful
   869 | D:5      | Noticed a water moccasin
   882 | D:5      | Killed a water moccasin
   882 | D:5      | Reached XP level 5. HP: 10/33 MP: 5/5
   884 | D:5      | Noticed a slave
   886 | D:5      | Noticed Pikel
   886 | D:5      | Noticed a slave
   886 | D:5      | Noticed a slave
   886 | D:5      | Noticed a slave
   901 | D:5      | Killed Pikel
   901 | D:5      | Reached skill level 5 in Fighting
   901 | D:5      | Reached skill level 5 in Armour
   901 | D:5      | Reached skill level 5 in Shields
   901 | D:5      | Reached XP level 6. HP: 25/40 MP: 6/6
   901 | D:5      | Reached XP level 7. HP: 28/44 MP: 7/7
   988 | D:6      | Reached skill level 5 in Axes
  1037 | D:6      | Reached XP level 8. HP: 27/50 MP: 8/8
  1178 | D:5      | Noticed Menkaure
  1182 | D:5      | HP: 1/51 [Menkaure (13)]
  1183 | D:5      | Killed from afar by Menkaure

Vault maps used:
D:1:      scummos_arrival_star
D:2:      minmay_item_behind_shaft, uniq_sigmund
D:3:      lemuel_round_altar
D:4:      cheibrodos_barr_body, lemuel_doored_altar, serial_shops,
          nicolae_shop_waterfront, trog_butcher_becter
D:5:      first_ration, minmay_stone_trees_small, uniq_menkaure, uniq_pikel,
          uniq_grinder
D:6:      temple_statues, basic_altar, portal_sewer_entry_d, minivault_22,
          hangedman_decor_growths, nicolae_ru_great_annihilating_truth
Temple:   nicolae_temple_elliptical

Skill      XL: |  1  2  3  4  5  6  7 |
---------------+----------------------+-----
Axes           | 2 3 4 5 |  5.6
Fighting       | 4 5 |  5.7
Armour         | 4 5 |  5.7
Shields        | 4 5 |  5.7

Action                   |  1- 3 |  4- 6 |  7- 9 || total
-------------------------+-------+-------+-------++-------
Melee: War axe           |    99 |    29 |    63 ||   191
  Use: Potion            |       |     2 |     1 ||     3
       Scroll            |       |       |     6 ||     6
  Eat: Chunk             |       |       |     1 ||     1
Armor: Scale mail        |   105 |    21 |    34 ||   160
Dodge: Dodged            |    56 |    12 |    20 ||    88
Block: Shield            |    90 |    18 |    32 ||   140

Table legend:
 A = Spawn XP
 B = Non-spawn XP
 C = Spawn XP percentage of total XP
 D = Spawn monster count
 E = Non-spawn monster count
 F = Spawn count percentage of total count
 G = Total turns spent on level
                    A         B        C        D         E        F      G
               +---------+---------+-------+---------+---------+-------+---------
         Total |       0 |    1573 |   0.0 |       0 |      53 |   0.0 |  1183
               +---------+---------+-------+---------+---------+-------+---------
           D:1 |       0 |      23 |   0.0 |       0 |      13 |   0.0 |   211
           D:2 |       0 |      29 |   0.0 |       0 |      12 |   0.0 |   146
           D:3 |       0 |      20 |   0.0 |       0 |       8 |   0.0 |   250
           D:5 |       0 |     945 |   0.0 |       0 |       7 |   0.0 |   199
           D:6 |       0 |     556 |   0.0 |       0 |      13 |   0.0 |   268
               +---------+---------+-------+---------+---------+-------+---------
